 Dungeon Crawl Stone Soup version 0.17-a0-1522-g6c5b4ba (webtiles) character file.

228 Ladykiller69 the Shield-Bearer (level 6, -2/49 HPs)
             Began as a Formicid Fighter on July 11, 2015.
             Slain by a troll (5 damage)
             ... on level 9 of the Dungeon on July 14, 2015.
             The game lasted 00:14:03 (2618 turns).

Ladykiller69 the Shield-Bearer (Formicid Fighter)   Turns: 2618, Time: 00:14:03

Health: -2/49      AC:  7    Str: 22    XL:     6   Next: 23%
Magic:  6/6        EV:  8    Int:  8    God:
Gold:   167        SH: 10    Dex: 10    Spells: 0 memorised, 5 levels left

rFire  . . .     SeeInvis +     a - +0 war axe
rCold  . . .     Clarity  .     b - +0 scale mail
rNeg   . . .     SustAt   .     c - +0 shield
rPois  .         Gourm    .     (helmet unavailable)
rElec  .         Spirit   .     (no cloak)
rCorr  .         Warding  .     (no gloves)
rMut   .         Stasis   +     (no boots)
MR     .....                    (no amulet)
Stlth  ..........               (no ring)
                                (no ring)

@: not resistant to hostile enchantments, extremely unstealthy
A: permanent stasis, dig shafts and tunnels, four strong arms, antennae 3
a: Dig, Shaft Self


You were on level 9 of the Dungeon.
You were not hungry.

You visited 1 branch of the dungeon, and saw 6 of its levels.

You collected 167 gold pieces.

Inventory:

Hand weapons
 a - a +0 war axe (weapon)
Armour
 b - a +0 scale mail (worn)
 c - a +0 shield (worn)
 p - a cursed +0 plate armour
Jewellery
 k - a +4 ring of strength
Scrolls
 f - a scroll of identify
 h - a scroll of remove curse
 j - a scroll of enchant weapon {unknown}
 l - a scroll of random uselessness {unknown}
 n - 2 scrolls of recharging {unknown}
 o - a scroll of immolation {unknown}
Potions
 d - a potion of might
 i - a potion of beneficial mutation {unknown}
 m - 2 potions of curing {unknown}
Comestibles
 e - 3 bread rations


   Skills:
 + Level 4.4 Fighting
 * Level 3.9 Axes
 + Level 4.3 Armour
 + Level 4.7 Shields


You had 5 spell levels left.
You didn't know any spells.

Dungeon Overview and Level Annotations

Branches:
Dungeon (9/15)
 Temple: D:4-7         Lair: D:8-11         Orc: D:9-12

Altars:
Makhleb
Qazlal
Trog
Xom
The Shining One


Innate Abilities, Weirdness & Mutations

You are under a permanent stasis effect.
You can dig through walls and to a lower floor.
Your four strong arms can wield two-handed weapons with a shield.
You have a pair of large antennae on your head (SInv).


Message History

The troll is heavily wounded.
The troll bites you! You block the troll's attack.
You block the troll's attack.
You barely miss the troll.
The troll is heavily wounded.
The troll bites you! The troll claws you!
* * * LOW HITPOINT WARNING * * *
The troll closely misses you.
You closely miss the troll.
The troll is heavily wounded.
You block the troll's attack. The troll claws you.
* * * LOW HITPOINT WARNING * * *
The troll claws you.
* * * LOW HITPOINT WARNING * * *
The troll bites you.
* * * LOW HITPOINT WARNING * * *
The troll claws you.
* * * LOW HITPOINT WARNING * * *
The troll claws you.
You die...

##############
(............########+##
........................
....K.T@...#............
...........#............
...........#............
...........#..##########
........................
########################


You could see a troll and a kobold.

Vanquished Creatures
  2 giant frogs
  An iguana (D:9)
  4 adders
  An ooze (D:2)
  A worm (D:3)
  2 giant geckos
  3 bats
  2 giant cockroaches (D:1)
  A hobgoblin (D:1)
  2 jackals (D:3)
  10 kobolds
  2 quokkas
  A ball python (D:2)
  3 giant newts
  5 goblins
  5 rats
45 creatures vanquished.

Notes
Turn   | Place    | Note
--------------------------------------------------------------
     0 | D:1      | Ladykiller69 the Formicid Fighter began the quest for the Orb.
     0 | D:1      | Reached XP level 1. HP: 18/18 MP: 1/1
    81 | D:1      | Reached XP level 2. HP: 24/24 MP: 2/2
   478 | D:1      | You fall through a shaft!
   492 | D:2      | Reached skill level 4 in Shields
   492 | D:2      | Reached XP level 3. HP: 24/30 MP: 3/3
   825 | D:2      | Found a bloodstained altar of Trog.
   921 | D:2      | Found a glowing golden altar of the Shining One.
   943 | D:2      | Found a stormy altar of Qazlal.
  1198 | D:2      | Reached XP level 4. HP: 35/37 MP: 4/4
  1489 | D:3      | Found a burning altar of Makhleb.
  1489 | D:3      | Found a shimmering altar of Xom.
  1502 | D:3      | You fall through a shaft for 2 floors!
  1502 | D:5      | Entered Level 5 of the Dungeon
  1529 | D:5      | HP: 1/37 [poisoned by a crimson imp]
  1842 | D:5      | Noticed a centaur
  1851 | D:5      | You fall through a shaft for 2 floors!
  2091 | D:7      | Noticed a giant frog
  2094 | D:7      | Noticed a sky beast
  2106 | D:7      | Killed a giant frog
  2106 | D:7      | Reached XP level 5. HP: 30/42 MP: 5/5
  2121 | D:7      | You fall through a shaft for 2 floors!
  2121 | D:9      | HP: 2/42 [poisoned by an adder]
  2251 | D:9      | Upgraded the game from 0.17-a0-1510-gb3fb22e to 0.17-a0-1522-g6c5b4ba
  2411 | D:9      | Reached XP level 6. HP: 23/49 MP: 6/6
  2612 | D:9      | Noticed a troll
  2618 | D:9      | Slain by a troll

Vault maps used:
D:1:      mrwooster_arrival_statue_3, amethyst_killhole, serial_bayou_lake_a
D:2:      bloody_trog, tso_metal_star, nicolae_overflow_hidden_temple,
          ecumenical_altar_1, hangedman_abyss_or_decor_lesser_grid
D:3:      grunt_temple_overflow_champion_of_chaos, led_sif_pool,
          lightli_sewer_entry_pipes, first_bread, st_stairs_8
D:5:      minmay_temple_entry_overgrown, okawaru_metal_pillars_3
D:7:      the_bakery
D:9:      uniq_erica, uniq_erolcha

Action                   |  1- 3 |  4- 6 || total
-------------------------+-------+-------++-------
Melee: War axe           |    92 |    84 ||   176
 Abil: Dig               |     7 |     5 ||    12
       Shaft Self        |       |     3 ||     3
  Use: Scroll            |       |     3 ||     3
  Eat: Chunk             |     1 |     3 ||     4
       Pizza             |       |     1 ||     1
       Meat ration       |       |     1 ||     1
